Description

rer

VOD

https://youtu.be/Ft0Ze6bg0C0?list=PLFeZeom2b4DnD3FIu7pzkXl51JX_WWz2h&t=14467

Replay - Silver 1 - PvZ - Game 10

Build Order

Get SALT Encoding   

  12  0:01  Probe  
  13  0:13  Probe  
  14  0:20  Pylon  
  14  0:25  Probe  
  15  0:39  Probe (Chrono Boost)  
  15  0:40  Gateway  
  16  0:48  Assimilator  
  17  0:51  Probe (Chrono Boost)  
  17  0:56  Probe (Chrono Boost)  
  18  1:05  Probe  
  19  1:20  Probe  
  20  1:28  Nexus  
  20  1:33  Probe  
  21  1:40  Cybernetics Core  
  21  1:45  Probe  
  22  1:48  Assimilator  
  22  1:58  Pylon  
  23  2:19  Stalker  
  23  2:20  Warp Gate  
  28  2:38  Robotics Facility  
  29  2:45  Gateway  
  30  2:54  Sentry  
  36  3:15  Pylon  
  38  3:20  Stalker  
  41  3:30  Immortal  
  49  3:56  Stalker x2  
  54  4:08  Pylon x2  
  54  4:33  Immortal  
  54  4:36  Stalker x2  
  54  4:37  Nexus  
  66  4:56  Assimilator x2  
  70  5:07  Stalker x2  
  70  5:12  Immortal  
  82  5:37  Stalker x2  
  89  5:52  Immortal  
  103  6:13  Gateway x2  
  103  6:18  Gateway x2  
  110  6:41  Assimilator x2  
  110  6:42  Immortal  
  117  6:56  Nexus  
  137  7:55  Twilight Council  
  137  7:56  Immortal, Forge x2  
  138  8:07  Nexus  
  139  8:15  Nexus  
  141  8:31  Templar Archives  
  141  8:37  Protoss Ground Weapons Level 1 (Chrono Boost)  
  141  8:38  Protoss Shields Level 1 (Chrono Boost)  
  156  8:42  Immortal  
  159  9:11  High Templar x6  
  159  9:15  Nexus  
  173  9:19  Archon x3  
  174  9:25  Immortal  
  178  9:31  Assimilator x2  
  177  9:52  Nexus  
Spawning Tool Build Advisor. Get it on Overwolf

Go to:

Details

  • Created by: hannahrose
  • Published on: Sep 14, 2021
  • Modified on: Sep 14, 2021
  • Patch: 4.11.0
  • Difficulty: Easy
Show
View Real Time Build Order
Export as new Build Order

Comments (0)

There are no comments. Be the first!

Create an account to comment!